 Dungeon Crawl Stone Soup version 0.19-a0-1170-g18f0c96 (webtiles) character file.

59866 4thArraOfDagon the Brawler (level 14, -4/114 HPs)
             Began as a Troll Artificer on Aug 16, 2016.
             Was the Champion of Dithmenos.
             Slain by an Ice Fiend (10 damage)
             ... in an ice cave.
             The game lasted 00:54:11 (10198 turns).

4thArraOfDagon the Brawler (Troll Artificer)       Turns: 10198, Time: 00:54:11

Health: -4/114     AC: 10    Str: 24    XL:     14   Next: 54%
Magic:  30/30      EV: 14    Int: 11    God:    Dithmenos [******]
Gold:   1320       SH: 12    Dex: 13    Spells: 1 memorised, 17 levels left

rFire  . . .     SeeInvis .       - Unarmed
rCold  + + .     Gourm    +     E - +0 troll leather armour
rNeg   . . .     Faith    .     w - +0 shield
rPois  .         Spirit   .     O - +2 hat {MR+}
rElec  .         Dismiss  .     y - +0 cloak
rCorr  .         Reflect  .     (gloves unavailable)
MR     ++...     Harm     .     (boots unavailable)
Stlth  +.........               D - amulet of magic regeneration
                                W - ring of the Solstice {rC+ MP+9 Str-2 Int+2 Dex+3}
                                V - ring of protection from cold

@: mighty, wreathed by umbra
A: unfitting armour, claws 3, hooves 1, repulsion field 1, dopey 1, fast
metabolism 3, frail 1, gourmand, regeneration 2, shaggy fur 1, tough skin 2,
weak 1
a: Shadow Step, Shadow Form, Renounce Religion


You were in an ice cave.
You worshipped Dithmenos.
Dithmenos was exalted by your worship.
You were not hungry.

You visited 4 branches of the dungeon, and saw 24 of its levels.
You also visited: Labyrinth and Ice Cave.

You collected 1826 gold pieces.
You spent 506 gold pieces at shops.

Inventory:

Hand Weapons
 h - a +0 blowgun
Missiles
 C - 13 curare-tipped needles
 L - 7 large rocks (quivered)
 T - a throwing net
Armour
 w - a +0 shield (worn)
 y - a +0 cloak (worn)
 B - a +2 robe of fire resistance
 E - a +0 troll leather armour (worn)
 G - a +2 robe of magic resistance
 J - a +1 hat
 O - a +2 hat of magic resistance (worn)
 P - a +1 robe
Jewellery
 j - an uncursed ring of fire
 D - an amulet of magic regeneration (around neck)
 I - an uncursed ring of protection from magic
 N - an uncursed ring of magical power
 Q - a ring of the Octopus King {rN+ AC+1 EV+1 Str+1 Int+1 Dex+1}
   (You took it off a minotaur in a labyrinth)

   [ring of positive energy]

   It affects your AC (+1).
   It affects your evasion (+1).
   It affects your strength (+1).
   It affects your intelligence (+1).
   It affects your dexterity (+1).
   It protects you from negative energy.
 U - an uncursed ring of wizardry
 V - a ring of protection from cold (left claw)
 W - the ring of the Solstice (right claw) {rC+ MP+9 Str-2 Int+2 Dex+3}
   (You found it in a labyrinth)

   [ring of magical power]

   It affects your strength (-2).
   It affects your intelligence (+2).
   It affects your dexterity (+3).
   It protects you from cold.
   It affects your magic capacity (+9).
Wands
 c - a wand of flame (15/48)
 d - a wand of enslavement (0/24)
 e - a wand of random effects (14/48)
 m - a wand of iceblast (0/15)
 o - a wand of lightning (1/15)
 M - a wand of slowing (24/48)
 R - a wand of paralysis (13/24)
 X - a wand of polymorph (13/24)
 Y - a wand of enslavement (7/24)
 Z - a wand of acid (5/15)
Scrolls
 b - a scroll of identify
 g - 7 scrolls of remove curse
 i - 4 scrolls of recharging
 l - a scroll of blinking
 n - a scroll of vulnerability {unknown}
 q - 3 scrolls of immolation {unknown}
 r - 3 scrolls of amnesia
 s - 2 scrolls of noise {unknown}
 t - 3 scrolls of enchant armour
 v - a scroll of teleportation
 z - a scroll of holy word {unknown}
 H - 2 scrolls of random uselessness
 K - a scroll of enchant weapon
Potions
 a - 7 potions of flight
 k - 3 potions of brilliance
 p - 2 potions of curing
 A - a potion of ambrosia
 F - a potion of invisibility
 S - a potion of heal wounds
Comestibles
 f - 10 bread rations
 u - 5 meat rations


   Skills:
 - Level 5.3 Fighting
   Level 0.7 Short Blades
 - Level 5.4 Dodging
 - Level 0.4 Stealth
 - Level 10.2 Shields
 - Level 16.2 Unarmed Combat
 + Level 5.7 Spellcasting
 * Level 7.2 Transmutations
 - Level 2.1 Evocations


You had 17 spell levels left.
You knew the following spells:

 Your Spells              Type           Power        Failure   Level  Hunger
a - Dragon Form           Tmut           ###.......   100%        7    #######


Dungeon Overview and Level Annotations

Branches:
Dungeon (14/15)            Temple (0/1) D:6            Lair (6/6) D:10
  Slime (0/5) Lair:5          Orc (2/2) D:10            Elf (2/3) Orc:2
  Swamp: Lair:2-4    Shoals: Lair:2-4     Snake: Lair:2-4    Spider: Lair:2-4
 Vaults: D:13-14

Altars:
Dithmenos
Nemelex Xobeh
Sif Muna
Trog
Vehumet
Beogh

Shops:
D:6 !   D:7 (   D:8 (   D:9 (   D:10 %   Orc:2 :?[([=*(

Annotations:
D:9 Xiguana's ghost, novice TeCj
D:10 exclusion: downstairs
D:12 Harold
Lair:3 SPIDER
Lair:5 exclusion: 2 oklob plants


Innate Abilities, Weirdness & Mutations

You are too large for most types of armour.
You have claws for hands.
Your metabolism is lightning-fast.
You like to eat raw meat.
You heal very quickly.
You are covered in fur. (AC +1)
You have very tough skin. (AC +2)
You have large cloven feet.
You are surrounded by a mild repulsion field. (EV +2)
You are dopey. (Int -2)
You are frail. (-10% HP)
You are weak. (Str -2)


Message History

You kick the Ice Fiend, but do no damage.
The Ice Fiend is moderately wounded.
The Ice Fiend barely misses you. The Ice Fiend misses you.
You barely miss the Ice Fiend. Your kick misses the Ice Fiend.
The Ice Fiend is moderately wounded.
You mangle the Ice Fiend!! Your kick misses the Ice Fiend.
The Ice Fiend is heavily wounded.
Your shadow hits the Ice Fiend.
The Ice Fiend claws you but does no damage.
The Ice Fiend claws you!!
* * * LOW HITPOINT WARNING * * *
The Ice Fiend freezes you! You resist.
* * * LOW HITPOINT WARNING * * *
You mangle the Ice Fiend!! Your kick misses the Ice Fiend.
The Ice Fiend is almost dead.
Your shadow hits the Ice Fiend but does no damage.
The Ice Fiend claws you!
* * * LOW HITPOINT WARNING * * *
You emit a cloud of dark smoke.
The Ice Fiend freezes you! You resist.
You die...

#.'.......+
###.8...8.###
#.'.......'.# #
#+######'######'#
#...............#
####8.#####.8####
##§# 1?#.## #§#
⌠!#.# #@# ?)#.#
#1##+##.#
#§§§§.^.#
####8#### ###


You could see an Ice Fiend.

Vanquished Creatures
  Gastronok (Orc:1)
  An orc warlord (Orc:1)
  A deep elf elementalist (Elf:1)
  Snorg (Lair:6)
  A minotaur (Lab)
  3 catoblepae (Lair:6)
  2 hydras
  A centaur warrior (D:13)
  12 death yaks (Lair:6)
  4 orc high priests
  Sonja (D:10)
  A deep elf knight (Elf:1)
  A deep elf archer (Elf:2)
  3 hill giants
  An unseen horror (D:10)
  6 deep elf magi
  6 orc knights
  3 cyclopes
  7 orc sorcerers
  A griffon (D:13)
  3 ugly things
  Maurice (D:13)
  A centaur zombie (D:14)
  2 spiny frogs
  2 ice statues (IceCv)
  Psyche (D:8)
  A kobold demonologist (D:8)
  A centaur skeleton (D:13)
  5 ice devils (IceCv)
  2 komodo dragons
  A rime drake (Lair:4)
  2 anaconda simulacra (IceCv)
  2 golden dragon simulacra (IceCv)
  A jumping spider (shapeshifter) (Elf:1)
  9 trolls
  2 polar bears
  2 two-headed ogres
  10 blink frogs
  Grinder (D:3)
  A slime creature (D:13)
  A water elemental (Elf:1)
  24 yaks
  An air elemental (Elf:1)
  A wyvern (D:12)
  3 hungry ghosts (D:12)
  2 basilisks
  A fire elemental (Elf:2)
  3 hippogriffs
  4 wargs
  A harpy simulacrum (IceCv)
  4 water moccasins
  2 porcupines
  2 hell hounds (D:10)
  A hydra simulacrum (IceCv)
  3 ice beasts
  2 sky beasts
  24 orc warriors
  13 wolves
  3 eyes of draining (D:12)
  10 ogres
  4 centaurs
  10 crocodiles
  15 big kobolds
  10 giant frogs
  An earth elemental (Elf:1)
  2 scorpions
  2 wyvern skeletons
  5 killer bees
  5 howler monkeys
  A crimson imp (D:7)
  A quasit (D:6)
  A giant frog zombie (D:12)
  3 hounds
  16 orc priests
  A jelly (D:8)
  16 orc wizards
  9 worker ants
  5 iguanas
  7 sheep
  A giant frog simulacrum (D:8)
  3 hound zombies
  4 adders
  19 river rats
  A shadow imp (D:6)
  2 white imps (D:8)
  2 ufetubi (D:8)
  2 worms (D:2)
  66 orcs
  4 giant cockroaches
  2 goblins
  6 hobgoblins
  10 jackals
  2 quokkas
  2 ball pythons
  2 bats (D:3)
  19 kobolds
  6 rats
479 creatures vanquished.

Vanquished Creatures (collateral kills)
  An orc warrior (D:9)
  An orc wizard (D:10)
  2 orcs (D:9)
  A quokka (D:9)
5 creatures vanquished.

Vanquished Creatures (others)
  A centaur skeleton (D:10)
  A hippogriff (D:8)
  3 vampire mosquitoes (D:9)
  An ogre (D:9)
  22 fungi
  3 plants (Lair:6)
31 creatures vanquished.

Grand Total: 515 creatures vanquished

Notes
Turn   | Place    | Note
-------+----------+-------------------------------------------
     0 | D:1      | 4thArraOfDagon the Troll Artificer began the quest for the Orb.
     0 | D:1      | Reached XP level 1. HP: 18/18 MP: 1/1
    50 | D:2      | Reached skill level 1 in Unarmed Combat
   113 | D:2      | Found a deep blue altar of Sif Muna.
   113 | D:2      | Found a shadowy altar of Dithmenos.
   121 | D:2      | Became a worshipper of Dithmenos the Shadowed
   122 | D:2      | MRH
   122 | D:2      | ok
   122 | D:2      | let it be...
   167 | D:3      | Reached XP level 2. HP: 26/26 MP: 2/2
   209 | D:2      | Reached skill level 2 in Unarmed Combat
   442 | D:2      | Reached XP level 3. HP: 32/32 MP: 3/3
   519 | D:3      | Found a radiant altar of Vehumet.
   605 | D:3      | Noticed Grinder
   614 | D:3      | Killed Grinder
   614 | D:3      | Reached skill level 5 in Unarmed Combat
   614 | D:3      | Reached XP level 4. HP: 27/40 MP: 4/4
   614 | D:3      | Reached XP level 5. HP: 31/46 MP: 5/5
   692 | D:4      | Reached * piety under Dithmenos
   784 | D:5      | Entered Level 5 of the Dungeon
   826 | D:5      | Noticed an ogre
   833 | D:5      | Killed an ogre
   833 | D:5      | Reached skill level 6 in Unarmed Combat
   833 | D:5      | Reached XP level 6. HP: 54/54 MP: 6/6
   877 | D:6      | Found Cyucude's Distillery.
   900 | D:6      | Bought a potion of mutation for 30 gold pieces
   900 | D:6      | Bought a potion of lignification for 36 gold pieces
   900 | D:6      | Gained mutation: You are weak. (Str -2) [potion of mutation]
   900 | D:6      | Gained mutation: You are dopey. (Int -2) [potion of mutation]
   900 | D:6      | Gained mutation: You have large cloven feet. [potion of mutation]
   915 | D:6      | Reached skill level 7 in Unarmed Combat
   952 | D:6      | Found a staircase to the Ecumenical Temple.
   969 | D:5      | Reached XP level 7. HP: 24/61 MP: 7/7
   985 | D:5      | Noticed a troll
  1163 | D:6      | Reached skill level 1 in Shields
  1394 | D:6      | Bought a potion of agility for 48 gold pieces
  1394 | D:6      | Bought a potion of curing for 36 gold pieces
  1448 | D:7      | Reached skill level 8 in Unarmed Combat
  1495 | D:7      | Found Deheivocwo's Antique Weapon Shop.
  1516 | D:7      | Reached XP level 8. HP: 68/68 MP: 8/8
  1540 | D:6      | Reached ** piety under Dithmenos
  1795 | D:8      | Reached skill level 5 in Shields
  1820 | D:8      | Reached skill level 9 in Unarmed Combat
  1973 | D:9      | Noticed a two-headed ogre
  2021 | D:9      | Killed a two-headed ogre
  2021 | D:9      | Reached XP level 9. HP: 22/75 MP: 9/9
  2110 | D:9      | Found Gumumpur's Antique Weapon Shoppe.
  2123 | D:9      | Gained mutation: You are frail. (-10% HP) [mutagenic meat]
  2142 | D:9      | Noticed Xiguana's ghost (novice TeCj)
  2270 | D:8      | Found Vofyek's Antique Weapon Shop.
  2281 | D:8      | Noticed Psyche
  2297 | D:8      | Killed Psyche
  2353 | D:8      | Reached *** piety under Dithmenos
  2374 | D:8      | Noticed a polar bear
  2414 | D:8      | Killed a polar bear
  2463 | D:8      | Noticed a kobold demonologist
  2472 | D:8      | Reached skill level 10 in Unarmed Combat
  2484 | D:8      | Killed a kobold demonologist
  2523 | D:8      | Reached XP level 10. HP: 68/74 MP: 10/10
  2698 | D:10     | Entered Level 10 of the Dungeon
  2770 | D:10     | Noticed Sonja
  2808 | D:10     | Found a staircase to the Lair.
  2832 | D:10     | Found Ufugya's Food Boutique.
  2878 | D:10     | Found a staircase to the Orcish Mines.
  2919 | D:10     | Reached **** piety under Dithmenos
  2968 | D:10     | Noticed a hill giant
  2975 | D:10     | Killed a hill giant
  3115 | D:10     | Killed an unseen horror
  3115 | D:10     | Reached skill level 11 in Unarmed Combat
  3208 | D:10     | Found a bloodstained altar of Trog.
  3218 | D:10     | Noticed a hill giant
  3227 | D:10     | Killed a hill giant
  3227 | D:10     | Reached skill level 10 in Shields
  3530 | D:11     | Noticed an eight-headed hydra
  3714 | D:11     | :)
  3738 | D:11     | Killed an eight-headed hydra
  3738 | D:11     | Reached XP level 11. HP: 20/80 MP: 11/11
  3806 | D:12     | Reached skill level 12 in Unarmed Combat
  3954 | D:12     | Reached ***** piety under Dithmenos
  3973 | D:12     | Noticed a white ugly thing
  3985 | D:12     | Killed a white ugly thing
  4123 | D:13     | Noticed a griffon
  4126 | D:13     | Noticed Maurice
  4145 | D:13     | Killed a griffon
  4145 | D:13     | Reached skill level 13 in Unarmed Combat
  4182 | D:13     | Killed Maurice
  4276 | D:13     | Noticed a deep elf mage
  4301 | D:13     | Killed a deep elf mage
  4404 | D:13     | Noticed a deep elf mage
  4442 | D:13     | Noticed a centaur warrior
  4453 | D:13     | Killed a centaur warrior
  4497 | D:14     | Found a sparkling altar of Nemelex Xobeh.
  4513 | D:14     | Reached skill level 14 in Unarmed Combat
  4628 | D:14     | Noticed a white ugly thing
  4629 | D:14     | Noticed a white ugly thing
  4644 | D:14     | Noticed a white ugly thing
  4645 | D:14     | Noticed a white ugly thing
  4653 | D:13     | Killed a green ugly thing
  4699 | D:13     | Noticed a purple ugly thing
  4716 | D:13     | Killed a purple ugly thing
  4722 | D:13     | Gained mutation: You are surrounded by a mild repulsion field. (EV +2) [mutagenic meat]
  4833 | D:12     | Noticed a hill giant
  4841 | D:12     | Killed a hill giant
  4841 | D:12     | Reached XP level 12. HP: 55/87 MP: 12/12
  5056 | D:12     | Reached skill level 15 in Unarmed Combat
  5065 | D:12     | Noticed Harold
  5184 | Orc:1    | Entered Level 1 of the Orcish Mines
  5336 | Orc:1    | Reached skill level 1 in Fighting
  5394 | Orc:1    | Noticed Gastronok
  5416 | Orc:1    | Killed Gastronok
  5447 | Orc:1    | Found a roughly hewn altar of Beogh.
  5745 | Orc:2    | Entered Level 2 of the Orcish Mines
  5745 | Orc:2    | Found Guwk's Weapon Emporium.
  5745 | Orc:2    | Found a staircase to the Elven Halls.
  5777 | Orc:2    | Noticed an orc warlord
  5777 | Orc:2    | Noticed an orc high priest
  5894 | Orc:2    | Found Iribilerghas's Book Shoppe.
  5897 | Orc:2    | :)
  5902 | Orc:2    | Found Qece's Magic Scroll Emporium.
  5935 | Orc:2    | Bought a scroll of teleportation for 36 gold pieces
  5935 | Orc:2    | Bought a scroll of identify for 24 gold pieces
  5935 | Orc:2    | Bought a scroll of identify for 24 gold pieces
  5974 | Orc:2    | Found Padop's Antique Armour Boutique.
  6082 | Orc:2    | Noticed an orc high priest
  6103 | Orc:2    | Killed an orc high priest
  6303 | Orc:1    | Killed an orc high priest
  6337 | Orc:2    | Noticed an orc high priest
  6522 | Orc:2    | Killed an orc high priest
  6602 | Orc:1    | Reached ****** piety under Dithmenos
  6703 | Orc:1    | Killed an orc warlord
  6703 | Orc:1    | Reached skill level 5 in Dodging
  6703 | Orc:1    | Reached XP level 13. HP: 95/105 MP: 13/13
  6775 | Orc:2    | Reached skill level 5 in Fighting
  6775 | Orc:2    | Reached skill level 16 in Unarmed Combat
  6960 | Orc:2    | Found Jiukab's Antique Armour Shop.
  7030 | Orc:2    | Found Nainn's Jewellery Shop.
  7047 | Orc:2    | Found Totosudd's Antique Weapon Shop.
  7095 | Orc:2    | Found Risoxa's General Store.
  7103 | Orc:2    | Bought a scroll of magic mapping for 56 gold pieces
  7103 | Orc:2    | Bought a scroll of recharging for 152 gold pieces
  7103 | Orc:2    | Bought a potion of brilliance for 64 gold pieces
  7185 | Lair:1   | Entered Level 1 of the Lair of Beasts
  7308 | Lair:1   | Reached skill level 1 in Spellcasting
  7651 | Lair:5   | Found a labyrinth entrance.
  7665 | Lab      | Entered a labyrinth
  7773 | Lab      | Noticed a minotaur
  7778 | Lab      | Killed a minotaur
  7780 | Lab      | Got a ring of the Octopus King
  7789 | Lab      | Got a heavily runed iron ring
  7791 | Lab      | Identified a ring of the Octopus King {rN+ AC+1 EV+1 Str+1 Int+1 Dex+1} (You took it off a minotaur in a labyrinth)
  7793 | Lab      | Identified the ring of the Solstice {rC+ MP+9 Str-2 Int+2 Dex+3} (You found it in a labyrinth)
  7875 | Lair:6   | Entered Level 6 of the Lair of Beasts
  7887 | Lair:6   | Pierrem: hello
  7949 | Lair:6   | 4thArraOfDagon: hello
  8077 | Lair:6   | Learned a level 7 spell: Dragon Form
  8099 | Lair:6   | Reached skill level 1 in Transmutations
  8111 | Lair:6   | Noticed Snorg
  8136 | Lair:6   | Killed Snorg
  8536 | Lair:6   | Reached XP level 14. HP: 54/114 MP: 20/20
  8638 | Lair:6   | Reached skill level 5 in Transmutations
  8650 | Lair:6   | WT
  9009 | Lair:4   | Reached skill level 5 in Spellcasting
  9403 | D:10     | Killed Sonja
  9478 | Elf:1    | Entered Level 1 of the Elven Halls
  9491 | Elf:1    | Noticed a deep elf elementalist
  9503 | Elf:1    | Killed a deep elf elementalist
  9520 | Elf:1    | HP: 3/114 [smoke demon/divine providence[a deep elf mage] (15)]
  9853 | Elf:2    | Found a frozen archway.
  9862 | IceCv    | Entered an ice cave
  9925 | IceCv    | jacquesderrida: drangan...
  9973 | IceCv    | jacquesderrida: The Man of the Land
  9983 | IceCv    | ReniFell: juqs
  9989 | IceCv    | jacquesderrida: Reeee
 10011 | IceCv    | 4thArraOfDagon: DAIGN
 10017 | IceCv    | jacquesderrida: Dragin simulator
 10018 | IceCv    | 4thArraOfDagon: DESIGN
 10018 | IceCv    | 4thArraOfDagon: DRESGIN
 10047 | IceCv    | jacquesderrida: Dengeng
 10064 | IceCv    | jacquesderrida: Хени рени...
 10077 | IceCv    | jacquesderrida: Опять пьяный, что ли
 10117 | IceCv    | jacquesderrida: :ROLL_EYES:
 10181 | IceCv    | Noticed an Ice Fiend
 10182 | IceCv    | jacquesderrida: deman man
 10184 | IceCv    | ReniFell: ya je skazal, do 27
 10184 | IceCv    | LETS DO IT
 10186 | IceCv    | jacquesderrida: che...
 10190 | IceCv    | jacquesderrida: ya ne ponil...
 10198 | IceCv    | Slain by an Ice Fiend

Vault maps used:
D:1:      dpeg_arrival_boxorama, eino_curves_03
D:2:      nicolae_overflow_hidden_temple, serial_bayou, serial_bayou_shore_a,
          serial_bayou_pond_c, serial_bayou_pond_d, serial_bayou_pond_e,
          amethyst_killhole
D:3:      vehumet_crystals, uniq_grinder
D:4:      old_standard_altar, lightli_temple_of_fire, marbit_many_paths,
          led_xom_imps, first_bread
D:5:      lemuel_crystal_altar, lemuel_coloured_pillars_altar
D:6:      serial_shops, nicolae_shop_stone
D:7:      zin_treasury, serial_shops, shop_fountains, lemuel_statue_altar
D:8:      special_room, serial_shops, shop, serial_ice, serial_ice_n,
          serial_ice_b, serial_ice_f, serial_ice_j, blue_anna_alchemist,
          uniq_psyche
D:9:      serial_shops, nicolae_shop_crystal
D:10:     minmay_lair_entry_lava, david_orc_3, serial_shops,
          nicolae_shop_crystal, bloody_trog, uniq_sonja, uniq_joseph
D:12:     uniq_harold
D:13:     david_vaults_4, uniq_maurice
D:14:     nemelex_xobeh_ov_fountains_minmay
Lair:1:   serial_bayou_lake_a
Lair:2:   beast_lair_carwin_large_1
Lair:3:   minmay_shoals_entry_hut, minmay_snake_entry_spellcaster,
          grunt_megastairs_2
Lair:4:   infiniplex_staircase_pool, lemuel_fruit_tree
Lair:5:   minmay_slime_entry_oklob_open, lab_entry_generic, grunt_megastairs_4
Lair:6:   evilmike_catoblepas_cave, uniq_snorg
Orc:1:    nicolae_orc_lost_temple, uniq_gastronok
Orc:2:    grunt_orc_gardens, grunt_orc_garden, grunt_orc_garden,
          grunt_orc_garden, grunt_orc_garden, serial_shops, shop, shop,
          nicolae_shop_crystal, nicolae_shop_trees, nicolae_orc_rockfall,
          nicolae_orc_damp_corner
Elf:1:    minmay_elf_arrival_summoners, hangedman_corner_corridor, spider_trap,
          hangedman_elf_simple_split
Elf:2:    portal_ice_cave_entry_pillars_three, serial_glass, glass_columns_a,
          glass_columns_a, glass_columns_a, glass_columns_a, glass_columns_a,
          glass_columns_b, st_stairs_9, lemuel_elevator, uniq_asterion,
          uniq_aizul
Lab:      labyrinth_mini_lab
IceCv:    ice_cave_tombish

Skill      XL: |  1  2  3  4  5  6  7  8  9 10 11 12 13 14 |
---------------+-------------------------------------------+-----
Unarmed Combat | 1 2 5 6 7 8 9 10 11 14 15 16 | 16.2
Shields        | 3 6 8 10 | 10.2
Fighting       | 4 5 |  5.3
Dodging        | 5 |  5.4
Spellcasting   | 4 5 |  5.7
Transmutations | 4 7 |  7.2
Short Blades   | |  0.7
Stealth        | |  0.4
Evocations     | |  2.1

Action                   |  1- 3 |  4- 6 |  7- 9 | 10-12 | 13-15 || total
-------------------------+-------+-------+-------+-------+-------++-------
Melee: Unarmed           |    90 |    61 |   297 |   779 |   686 ||  1913
       Short sword       |     1 |       |       |       |       ||     1
       Kick              |       |     3 |    56 |   189 |   198 ||   446
Throw: Tomahawk          |       |     3 |     2 |    16 |       ||    21
       Large rock        |       |       |       |    26 |    39 ||    65
       Throwing net      |       |       |       |     1 |       ||     1
Evoke: Wand              |       |       |     8 |    15 |     1 ||    24
  Use: Potion            |     1 |     1 |     1 |     7 |    15 ||    25
       Scroll            |     1 |       |     5 |     9 |     7 ||    22
 Stab: Sleeping          |       |     1 |       |     1 |     1 ||     3
       Petrified         |       |       |       |       |     5 ||     5
       Paralysed         |       |       |       |       |     4 ||     4
  Eat: Chunk             |     9 |     5 |    14 |    53 |    30 ||   111
       Fruit             |       |       |     2 |       |       ||     2
Armor: Robe              |    25 |    21 |    54 |    26 |       ||   126
       Skin              |       |       |     7 |       |       ||     7
       Troll leather arm |       |       |       |   123 |    86 ||   209
Dodge: Dodged            |    43 |    57 |   132 |   281 |   233 ||   746
Block: Shield            |       |       |   123 |   318 |   240 ||   681
